 Dungeon Crawl Stone Soup version 0.21.0-34-g9234887 (webtiles) character file.

205 tidbits the Charmwright (level 5, -8/43 HPs)
             Began as a Gnoll Skald on Jan 29, 2018.
             Was an Initiate of Cheibriados.
             Shot with an arrow by a centaur (19 damage)
             ... on level 5 of the Dungeon.
             The game lasted 00:08:32 (1093 turns).

tidbits the Charmwright (Gnoll Skald)               Turns: 1093, Time: 00:08:33

Health: -8/43      AC:  3    Str: 14    XL:     5   Next: 83%
Magic:  9/12       EV: 14    Int: 18    God:    Cheibriados [......]
Gold:   130        SH:  0    Dex: 15    Spells: 3/14 levels left

rFire    . . .     SeeInvis .   a - +0 war axe
rCold    . . .     Gourm    .   (no shield)
rNeg     + . .     Faith    .   e - +0 leather armour
rPois    .         Spirit   .   (no helmet)
rElec    .         Reflect  .   (no cloak)
rCorr    .         Harm     .   (no gloves)
MR       .....                  (no boots)
Stlth    ++........             (no amulet)
HPRegen  0.14/turn              q - ring of positive energy
MPRegen  0.13/turn              (no ring)

@: very slow
A: distributed training, fangs 1, strong nose
a: Bend Time, Renounce Religion


You were on level 5 of the Dungeon.
You worshipped Cheibriados.
Cheibriados was noncommittal.
You were not hungry.

You visited 2 branches of the dungeon, and saw 6 of its levels.

You collected 130 gold pieces.

Inventory:

Hand Weapons
 a - a +0 war axe (weapon)
 f - a +0 trident
 g - a +0 hand axe
 B - a +0 dagger
Missiles
 h - 5 tomahawks (quivered)
Armour
 b - a +0 ring mail
 e - a +0 leather armour (worn)
Jewellery
 q - a ring of positive energy (left hand)
   (You found it on level 4 of the Dungeon)
Scrolls
 i - a scroll of enchant weapon {unknown}
 j - 2 scrolls of identify {unknown}
 k - a scroll of remove curse {unknown}
 l - a scroll of fog {unknown}
 o - a scroll of teleportation
 r - a scroll of amnesia {unknown}
Potions
 m - a potion of flight
 p - a potion of haste
Books
 d - a book of Battle

   Spells                             Type                      Level
   a - Infusion                       Charms                       1
   b - Shroud of Golubria             Charms/Translocation         2
   c - Song of Slaying                Charms                       2
   d - Spectral Weapon                Hexes/Charms                 3
   e - Regeneration                   Charms/Necromancy            3
Comestibles
 c - 5 rations


   Skills:
 + Level 4.8 Fighting
 + Level 1.6 Short Blades
 + Level 1.6 Long Blades
 + Level 4.8 Axes
 + Level 1.6 Maces & Flails
 + Level 1.6 Polearms
 + Level 1.6 Staves
 + Level 1.6 Slings
 + Level 1.6 Bows
 + Level 1.6 Crossbows
 + Level 1.6 Throwing
 + Level 3.0 Armour
 + Level 4.8 Dodging
 + Level 1.6 Stealth
 + Level 1.6 Shields
 + Level 1.6 Unarmed Combat
 + Level 5.2 Spellcasting
 + Level 1.3 Conjurations
 + Level 1.3 Hexes
 + Level 5.6 Charms
 + Level 1.3 Summonings
 + Level 1.3 Necromancy
 + Level 1.3 Translocations
 + Level 1.3 Transmutations
 + Level 1.3 Fire Magic
 + Level 1.3 Ice Magic
 + Level 1.3 Air Magic
 + Level 1.3 Earth Magic
 + Level 1.3 Poison Magic
 + Level 1.8 Invocations
 + Level 1.6 Evocations


You had 3 spell levels left.
You knew the following spells:

 Your Spells              Type           Power        Failure   Level  Hunger
g - Shroud of Golubria    Chrm/Tloc      ###.......   6%          2    #......
i - Infusion              Chrm           ###.         1%          1    None
r - Regeneration          Chrm/Necr      ###.......   12%         3    ##.....
w - Spectral Weapon       Hex/Chrm       ###.....     12%         3    ##.....
y - Song of Slaying       Chrm           ###.....     2%          2    #......


Dungeon Overview and Level Annotations

Branches:
Dungeon (5/15)             Temple (1/1) D:5

Altars:
Cheibriados
Dithmenos
Kikubaaqudgha
Nemelex Xobeh
Okawaru
Qazlal
Trog
Uskayaw
Vehumet
Xom
Yredelemnul
Zin

Annotations:
D:4 p0werm0de's ghost, novice FoCK


Innate Abilities, Weirdness & Mutations

Your experience applies equally to all skills.
You have very sharp teeth.
Your uncanny sense of smell can sniff out nearby items.


Message History

Your shroud falls apart!
The flow of time bends around you.
P0werm0de's ghost resists with some effort.
You feel slightly more hungry. P0werm0de's ghost hits you.
You don't have enough magic at the moment.
Press: ? - help, v - describe, . - travel
Here: p0werm0de's ghost The floor.
As you read the scroll labeled DYOGHOJIOR, it crumbles to dust.
You feel strangely unstable.
It was a scroll of teleportation.
P0werm0de's ghost keens inconsolably.
P0werm0de's ghost hits you. P0werm0de's ghost closely misses you.
P0werm0de's ghost says, "Are you willing to die fighting?
I was!"
Your surroundings suddenly seem different.
Your magical contamination has completely faded away.
There is a stone staircase leading up here.
Found a plate armour.
Found 5 gold pieces.
Found a hand axe.
You see here 5 gold pieces.
You now have 130 gold pieces (gained 5).
P0werm0de's ghost closely misses you.
Okay, then.
It was a potion of haste.
You feel yourself speed up.
Cheibriados forgives your accidental hurry, just this once.
P0werm0de's ghost hits you.
A giant cockroach comes into view.
The giant cockroach waves its antennae.
There is a stone staircase leading up here.
There is a stone staircase leading down here.
You climb downwards.
You hear the sound of rushing water.
There is an entrance to a sewer on this level.
Hurry and find it before the portal rusts away!
You hear the brisk rusting of a drain nearby.
There is a stone staircase leading up here.
You see here a club.
Things that are here:
a ring mail; a mace
Found a stone staircase leading up.
Found a stone staircase leading down.
There is a stone staircase leading up here.
You climb upwards.
Level annotation: p0werm0de's ghost, novice FoCK Your extra speed is starting to run out.
Found a whip.
There is a stone staircase leading down here.
Unknown command.
There is a stone staircase leading down here.
You feel yourself slow down.
You climb downwards.
You hear the sound of rushing water.
There is an entrance to a sewer on this level.
Hurry and find it before the portal rusts away!
There is a stone staircase leading up here.
A jackal comes into view.
Okay, then.
A jackal comes into view. 2 jackals come into view.
Casting: Shroud of Golubria
Confirm with . or Enter, or press ? or * to list all spells.
You draw out your weapon's spirit!
The jackal barks! x4
A centaur comes into view.
The jackal barely misses your spectral weapon.
The centaur wields a glowing shortbow.
The centaur shoots an arrow.
The arrow hits you!
* * * LOW HITPOINT WARNING * * *
You see here an arrow.
It was a potion of cancellation.
You feel magically purged. The jackal closely misses you.
The jackal closely misses your spectral weapon.
The jackal bites your spectral weapon. The jackal barely misses you.
The jackal bites your spectral weapon but does no damage.
You hit the jackal.
The jackal is heavily wounded.
You miss the jackal. You slash the jackal!
You kill the jackal!
Cheibriados thoroughly appreciates the change of pace.
Your spectral weapon hits the jackal!
You kill the jackal!
Cheibriados appreciates the change of pace.
Your spectral weapon hits the jackal!
You kill the jackal!
Cheibriados thoroughly appreciates the change of pace.
Your spectral weapon hits the jackal!
You kill the jackal!
Cheibriados appreciates the change of pace.
The centaur shoots an arrow.
The arrow completely misses you. The arrow hits your spectral weapon.
Your spectral weapon shares its damage with you!
* * * LOW HITPOINT WARNING * * *
The centaur shoots an arrow.
The arrow hits you!
* * * LOW HITPOINT WARNING * * *
Okay, then.
Throwing (i - inventory):
h - 5 tomahawks (quivered)
Press: ? - help, Shift-Dir - straight line
Okay, then.
Unknown command.
The centaur shoots an arrow.
The arrow hits you!!
You die...

#.....## ## #.....##
##.. #......##
#####..# #.>.....##
##.....###
#......<.###........##
#............†........
##.......###.(........
#......####.((.......
#.....## #...@.......
#....## #...........
#.....# #....c......
#.....## ##..........
##......# #..........
#....[..## #..........
#.##...)[.#
#.......... #.#
#...[<.# #..........
.# #......#


You could see a centaur and a friendly spectral war axe.

Vanquished Creatures
  An orc priest (D:3)
  A hound (D:4)
  An orc wizard (D:5)
  An adder (D:3)
  3 gnolls (D:3)
  2 worms (D:3)
  2 dart slugs
  A leopard gecko (D:1)
  8 orcs
  2 ball pythons
  5 bats
  4 giant cockroaches
  4 goblins
  6 hobgoblins
  9 jackals
  A quokka (D:3)
  3 frilled lizards
  2 kobolds
  5 rats
61 creatures vanquished.

Notes
Turn   | Place    | Note
-------+----------+-------------------------------------------
     0 | D:1      | tidbits the Gnoll Skald began the quest for the Orb.
     0 | D:1      | Reached XP level 1. HP: 20/20 MP: 6/6
   106 | D:1      | Reached XP level 2. HP: 26/26 MP: 3/7
   114 | D:1      | Learned a level 2 spell: Song of Slaying
   117 | D:1      | Learned a level 2 spell: Shroud of Golubria
   220 | D:1      | Found an iron altar of Okawaru.
   392 | D:2      | Reached XP level 3. HP: 31/31 MP: 6/9
   397 | D:2      | Learned a level 3 spell: Regeneration
   404 | D:2      | Learned a level 3 spell: Spectral Weapon
   425 | D:2      | Reached skill level 5 in Spellcasting
   455 | D:3      | Reached skill level 1 in Short Blades
   455 | D:3      | Reached skill level 1 in Long Blades
   455 | D:3      | Reached skill level 1 in Maces & Flails
   455 | D:3      | Reached skill level 1 in Polearms
   455 | D:3      | Reached skill level 1 in Staves
   455 | D:3      | Reached skill level 1 in Slings
   455 | D:3      | Reached skill level 1 in Bows
   455 | D:3      | Reached skill level 1 in Crossbows
   455 | D:3      | Reached skill level 1 in Throwing
   455 | D:3      | Reached skill level 1 in Stealth
   455 | D:3      | Reached skill level 1 in Shields
   455 | D:3      | Reached skill level 1 in Unarmed Combat
   455 | D:3      | Reached skill level 1 in Invocations
   455 | D:3      | Reached skill level 1 in Evocations
   455 | D:3      | Reached XP level 4. HP: 35/38 MP: 6/11
   602 | D:3      | Reached skill level 1 in Conjurations
   602 | D:3      | Reached skill level 1 in Hexes
   602 | D:3      | Reached skill level 1 in Summonings
   602 | D:3      | Reached skill level 1 in Necromancy
   602 | D:3      | Reached skill level 1 in Translocations
   602 | D:3      | Reached skill level 1 in Transmutations
   602 | D:3      | Reached skill level 1 in Fire Magic
   602 | D:3      | Reached skill level 1 in Ice Magic
   602 | D:3      | Reached skill level 1 in Air Magic
   602 | D:3      | Reached skill level 1 in Earth Magic
   602 | D:3      | Reached skill level 1 in Poison Magic
   801 | D:5      | Entered Level 5 of the Dungeon
   803 | D:5      | Found a staircase to the Ecumenical Temple.
   812 | Temple   | Entered the Ecumenical Temple
   833 | Temple   | Became a worshipper of Cheibriados the Contemplative
   878 | D:5      | Reached XP level 5. HP: 20/43 MP: 8/12
   927 | D:3      | Reached skill level 3 in Armour
  1000 | D:4      | Noticed p0werm0de's ghost (novice FoCK)
  1090 | D:5      | Noticed a centaur
  1093 | D:5      | Shot with an arrow by a centaur

Skill      XL: |  1  2  3  4  5 |
---------------+----------------+-----
Spellcasting   | 5 |  5.2
Short Blades   | 1 |  1.6
Long Blades    | 1 |  1.6
Maces & Flails | 1 |  1.6
Polearms       | 1 |  1.6
Staves         | 1 |  1.6
Slings         | 1 |  1.6
Bows           | 1 |  1.6
Crossbows      | 1 |  1.6
Throwing       | 1 |  1.6
Stealth        | 1 |  1.6
Shields        | 1 |  1.6
Unarmed Combat | 1 |  1.6
Invocations    | 1 |  1.8
Evocations     | 1 |  1.6
Conjurations   | 1 |  1.3
Hexes          | 1 |  1.3
Summonings     | 1 |  1.3
Necromancy     | 1 |  1.3
Translocations | 1 |  1.3
Transmutations | 1 |  1.3
Fire Magic     | 1 |  1.3
Ice Magic      | 1 |  1.3
Air Magic      | 1 |  1.3
Earth Magic    | 1 |  1.3
Poison Magic   | 1 |  1.3
Armour         | 3 |  3.0
Fighting       | |  4.8
Axes           | |  4.8
Dodging        | |  4.8
Charms         | |  5.6

Action                   |  1- 3 |  4- 6 || total
-------------------------+-------+-------++-------
Melee: Hand axe          |    42 |    14 ||    56
       Bite              |     4 |     7 ||    11
       War axe           |       |    48 ||    48
Throw: Tomahawk          |       |     1 ||     1
 Cast: Infusion          |     7 |       ||     7
       Spectral Weapon   |     1 |    12 ||    13
       Regeneration      |       |     3 ||     3
       Shroud of Golubri |       |     1 ||     1
Invok: Bend Time         |       |     2 ||     2
  Use: Potion            |     2 |     2 ||     4
       Scroll            |       |     1 ||     1
  Eat: Ration            |       |     1 ||     1
       Chunk             |       |     1 ||     1
Armor: Leather armour    |     9 |    14 ||    23
Dodge: Dodged            |    24 |    60 ||    84

Table legend:
 A = Turns spent in this place as a percentage of turns spent in the entire game.
 B = Non-inter-level travel turns spent in this place as a percentage of non-inter-level travel turns spent in the entire game.
 C = Inter-level travel turns spent in this place as a percentage of turns spent in this place.
 D = Turns resting spent in this place as a percentage of non-inter-level travel turns spent in this place.
 E = Turns spent auto-exploring this place as a percentage of non-inter-level travel turns spent in this place.
 F = Non-inter-level travel turns spent in this place divided by the number of levels of this place that you've seen.
                   A       B       C       D       E      F
               +-------+-------+-------+-------+-------+----------------------
         Total | 100.0 | 100.0 |   3.8 |   0.0 |   0.0 | 175.2
       Dungeon |  96.1 |  97.8 |   2.1 |   0.0 |   0.0 | 205.6
        Temple |   3.9 |   2.2 |  46.5 |   0.0 |   0.0 |  23.0
               +-------+-------+-------+-------+-------+----------------------

Table legend:
 A = Kills in this place as a percentage of kills in entire the game.
 B = Kills by you in this place as a percentage of kills by you in the entire game.
 C = Kills by friends in this place as a percentage of kills by friends in the entire game.
 D = Other kills in this place as a percentage of other kills in the entire game.
 E = Experience gained in this place as a percentage of experience gained in the entire game.
 F = Experience gained in this place divided by the number of levels of this place that you have seen.
                   A       B       C       D       E      F
               +-------+-------+-------+-------+-------+----------------------
         Total | 100.0 | 100.0 |   N/A |   N/A | 100.0 |  48.8
       Dungeon | 100.0 | 100.0 |   N/A |   N/A | 100.0 |  58.6
               +-------+-------+-------+-------+-------+----------------------

Vault maps used:
D:1:      zelgadis_glass_arrival_small, okawaru_ov_weapons_minmay
D:4:      fedhas_altar_4, first_ration, st_stairs_14
D:5:      minmay_temple_entry_statues_pillars, cheibrodos_sewer_entry_drain,
          nicolae_gozag_seed_capital
Temple:   nicolae_temple_the_god_donut
